 Dungeon Sprint DCSS version 0.17-a0-1184-gb75be8f (webtiles) character file.

393 Kidiri the Artisan of Death (level 6, -3/32 HPs)
             Began as a Deep Elf Necromancer on June 1, 2015.
             Was a Priest of Kikubaaqudgha.
             Killed from afar by a manticore (16 damage)
             ... with a volley of spikes
             ... in the Dungeon (Sprint VII: "The Pits").
             The game lasted 00:09:09 (966 turns).

Kidiri the Artisan of Death (Deep Elf Necromancer)   Turns: 966, Time: 00:09:10

Health: -3/32      AC:  7    Str:  5    XL:     6   Next: 51%
Magic:  17/21      EV: 16    Int: 22    God:    Kikubaaqudgha [***...]
Gold:   0          SH:  0    Dex: 15    Spells: 8 memorised, 5 levels left

rFire  . . .     SeeInvis .     s - +1 quarterstaff (protect)
rCold  . . .     Clarity  .     a - +0 robe
rNeg   . . .     SustAt   .     (no shield)
rPois  .         Gourm    .     (no helmet)
rElec  .         Spirit   .     (no cloak)
rCorr  .         Warding  .     (no gloves)
rMut   .         NoTele   +     (no boots)
MR     .....                    (no amulet)
Stlth  ++++......               (no ring)
                                (no ring)

@: manticore barbs, not resistant to hostile enchantments, stealthy
A: no striking features
a: Receive Corpses, Renounce Religion


You were in the Dungeon.
You worshipped Kikubaaqudgha.
Kikubaaqudgha was most pleased with you.
You were hungry.

You visited 1 branch

Inventory:

Hand weapons
 q - a +2 quarterstaff
 s - a +1 quarterstaff of protection (weapon)
Armour
 a - a +0 robe (worn)
Magical staves
 m - an uncursed staff of energy
Scrolls
 n - 3 scrolls of remove curse
 o - 5 scrolls of amnesia
 p - a scroll of summoning
Potions
 d - 4 potions of curing
 e - 5 potions of heal wounds
 f - a potion of haste
 g - 4 potions of magic
 h - 3 potions of berserk rage
 l - 2 potions of invisibility
Books
 b - a book of Necromancy

   Spells                             Type                      Level
   a - Pain                           Necromancy                   1
   b - Animate Skeleton               Necromancy                   1
   c - Vampiric Draining              Necromancy                   3
   d - Regeneration                   Charms/Necromancy            3
   e - Animate Dead                   Necromancy                   4
   f - Control Undead                 Necromancy                   4
 r - Kikubaaqudgha's Collected Works on Black Secrets
   (Kikubaaqudgha gifted it to you in the Dungeon)

   Spells                             Type                      Level
   a - Pain                           Necromancy                   1
   b - Corpse Rot                     Necromancy                   2
   c - Sublimation of Blood           Necromancy                   2
   d - Vampiric Draining              Necromancy                   3
   e - Control Undead                 Necromancy                   4
 t - Kikubaaqudgha's Catalogue of Black Secrets
   (Kikubaaqudgha gifted it to you in the Dungeon)

   Spells                             Type                      Level
   a - Excruciating Wounds            Charms/Necromancy            5
   b - Bolt of Draining               Conjuration/Necromancy       5
   c - Agony                          Necromancy                   5
   d - Cigotuvi's Embrace             Necromancy                   5
   e - Dispel Undead                  Necromancy                   5
Comestibles
 c - 8 bread rations
 j - 40 fruits
 k - 7 meat rations


   Skills:
 + Level 3.9 Staves
 + Level 6.4 Dodging
 + Level 7.2 Stealth
 * Level 10.1 Spellcasting
 + Level 5.8 Charms
 * Level 10.2 Necromancy


You had 5 spell levels left.
You knew the following spells:

 Your Spells              Type           Power        Failure   Level  Hunger
a - Pain                  Necr           ####         1%          1    None
b - Animate Skeleton      Necr           N/A          1%          1    None
c - Vampiric Draining     Necr           ######....   1%          3    None
d - Regeneration          Chrm/Necr      #####.....   1%          3    None
e - Animate Dead          Necr           N/A          1%          4    ##.....
f - Control Undead        Necr           ######....   1%          4    ##.....
g - Corpse Rot            Necr           N/A          1%          2    None
h - Sublimation of Blood  Necr           ######....   1%          2    None


Dungeon Overview and Level Annotations

Branches:
Dungeon (1/1)

Altars:
Ashenzari
Cheibriados
Dithmenos
Elyvilon
Fedhas
Gozag
Kikubaaqudgha
Makhleb
Nemelex Xobeh
Okawaru
Qazlal
Ru
Sif Muna
Trog
Vehumet
Xom
Yredelemnul
Zin
The Shining One
Beogh
Jiyva
Lugonu


Message History

Aim: a manticore (hasn't noticed you, chance to defeat MR: 71%)
The manticore convulses in agony!
The manticore flicks its tail.
The volley of spikes hits you!
The barbed spikes become lodged in your body.
Ouch! That really hurt!
The barbs in your skin will harm you if you move.
Continue?
Okay, then.
Casting: Pain
Confirm with . or Enter, or press ? or * to list all spells.
Okay, then.
Use which ability? (? or * to list) Kikubaaqudgha delivers you corpses!
You feel slightly more hungry.
The manticore flicks its tail.
The volley of spikes hits you!
The barbed spikes become lodged in your body.
Ouch! That really hurt!
You die...
Kikubaaqudgha rasps: "You have failed me!
Welcome... death!"

#.##'#..).÷##...<...
#.#........##.......
#.#........##.......
#'###########.......
#.......# ########
#.......# #...#...#
#..###..#+#
#H†@#...#H+
#..†....#)#
#.......'.#
###########


You could see a manticore.

Vanquished Creatures
  A fire bat (D)
  A porcupine (D)
  A brain worm (D)
  A giant eyeball (D)
  An ufetubus (D)
  An ooze (D)
  An orc (D)
  A giant cockroach (D)
  A kobold (D)
  A giant gecko (D)
  A rat (D)
11 creatures vanquished.

Vanquished Creatures (collateral kills)
  A warg (D)
  A worker ant (D)
  An adder skeleton (D)
  A kobold (D)
  A giant newt (D)
5 creatures vanquished.

Grand Total: 16 creatures vanquished

Notes
Turn   | Place    | Note
--------------------------------------------------------------
     0 | D        | Kidiri the Deep Elf Necromancer began the quest for the Orb.
     0 | D        | Reached XP level 1. HP: 10/10 MP: 6/6
    11 | D        | Noticed a brain worm
    19 | D        | Killed a brain worm
    19 | D        | Reached skill level 6 in Spellcasting
    19 | D        | Reached skill level 7 in Necromancy
    19 | D        | Reached XP level 2. HP: 6/15 MP: 0/11
    19 | D        | Reached XP level 3. HP: 7/19 MP: 0/13
    19 | D        | Reached XP level 4. HP: 8/24 MP: 0/14
    22 | D        | Learned a level 1 spell: Animate Skeleton
    26 | D        | Learned a level 3 spell: Vampiric Draining
    31 | D        | Learned a level 4 spell: Animate Dead
    36 | D        | Learned a level 4 spell: Control Undead
    40 | D        | Learned a level 3 spell: Regeneration
   151 | D        | Found a sacrificial altar of Ru.
   151 | D        | Found a basalt altar of Yredelemnul.
   151 | D        | Found a shadowy altar of Dithmenos.
   151 | D        | Found a deep blue altar of Sif Muna.
   151 | D        | Found a burning altar of Makhleb.
   151 | D        | Found a shimmering altar of Xom.
   151 | D        | Found an ancient bone altar of Kikubaaqudgha.
   151 | D        | Found a sparkling altar of Nemelex Xobeh.
   152 | D        | Found a glowing golden altar of the Shining One.
   152 | D        | Found a bloodstained altar of Trog.
   152 | D        | Found a shattered altar of Ashenzari.
   152 | D        | Found a white marble altar of Elyvilon.
   152 | D        | Found a snail-covered altar of Cheibriados.
   152 | D        | Found a blossoming altar of Fedhas.
   152 | D        | Found a radiant altar of Vehumet.
   152 | D        | Found a glowing silver altar of Zin.
   152 | D        | Found a corrupted altar of Lugonu.
   152 | D        | Found a viscous altar of Jiyva.
   152 | D        | Found a roughly hewn altar of Beogh.
   152 | D        | Found an iron altar of Okawaru.
   159 | D        | Became a worshipper of Kikubaaqudgha
   165 | D        | Found a stormy altar of Qazlal.
   166 | D        | Found an opulent altar of Gozag.
   221 | D        | Paralysed by a giant eyeball for 2 turns
   257 | D        | Acquired Kikubaaqudgha's first power
   257 | D        | Received a gift from Kikubaaqudgha
   259 | D        | Identified Kikubaaqudgha's Collected Works on Black Secrets (Kikubaaqudgha gifted it to you in the Dungeon)
   310 | D        | Reached skill level 1 in Charms
   311 | D        | Noticed a fire bat
   317 | D        | Killed a fire bat
   317 | D        | Acquired Kikubaaqudgha's second power
   317 | D        | Reached skill level 5 in Dodging
   317 | D        | Reached skill level 8 in Spellcasting
   317 | D        | Reached skill level 9 in Necromancy
   317 | D        | Reached XP level 5. HP: 21/28 MP: 1/18
   528 | D        | Learned a level 2 spell: Corpse Rot
   531 | D        | Learned a level 2 spell: Sublimation of Blood
   596 | D        | Noticed a porcupine
   599 | D        | Killed a porcupine
   599 | D        | Reached skill level 5 in Charms
   599 | D        | Reached XP level 6. HP: 29/32 MP: 15/20
   600 | D        | Noticed a worker ant
   600 | D        | Noticed a warg
   606 | D        | Killed a worker ant
   610 | D        | Received a gift from Kikubaaqudgha
   611 | D        | Identified Kikubaaqudgha's Catalogue of Black Secrets (Kikubaaqudgha gifted it to you in the Dungeon)
   616 | D        | Killed a warg
   616 | D        | Reached skill level 10 in Spellcasting
   616 | D        | Reached skill level 10 in Necromancy
   641 | D        | Noticed a manticore
   966 | D        | Killed from afar by a manticore

Vault maps used:
D:        pitsprint

Action                   |  1- 3 |  4- 6 || total
-------------------------+-------+-------++-------
Melee: Unarmed           |     2 |       ||     2
       Staff             |       |     6 ||     6
       Quarterstaff      |       |    11 ||    11
 Cast: Pain              |     6 |    18 ||    24
       Animate Dead      |       |     4 ||     4
       Control Undead    |       |     2 ||     2
       Regeneration      |       |     2 ||     2
       Vampiric Draining |       |     1 ||     1
Invok: Receive Corpses   |       |     2 ||     2
  Use: Potion            |       |     3 ||     3
       Scroll            |       |     1 ||     1
 Stab: Sleeping          |       |     1 ||     1
